 Dungeon Crawl Stone Soup version 0.31-a0-521-gc7390f8997 (webtiles) character file.

Game seed: 15887965513984504027

539 javelincjr the Sneak (level 7, 0/41 HPs)
             Began as an Octopode Hedge Wizard on Aug 10, 2023.
             Slain by a gnoll
             ... wielding a +0 whip
             ... led by a gnoll bouda
              (6 damage)
             ... on level 4 of the Dungeon.
             The game lasted 00:16:16 (4401 turns).

javelincjr the Sneak (Octopode Hedge Wizard)        Turns: 4401, Time: 00:16:17

Health: 0/41       AC:  1    Str: 10    XL:     7   Next: 26%
Magic:  4/13       EV: 13    Int: 18    God:
Gold:   99         SH:  0    Dex: 11    Spells: 8/14 levels left

rFire   . . .        t - +2 dagger (venom)
rCold   . . .        (no shield)
rNeg    . . .        b - +0 hat
rPois   .            v - amulet of the acrobat
rElec   .            (no ring)
rCorr   .            (no ring)
SInv    .            (no ring)
Will    .....        (no ring)
Stlth   ++++         (no ring)
HPRegen 0.26/turn    (no ring)
MPRegen 0.13/turn    (no ring)
                     (no ring)

%: acrobat
@: weakened, on blink cooldown
A: almost no armour, amphibious, 8 rings, camouflage 1, gelatinous body 1,
(nimble swimmer 1), tentacles
a: no special abilities


You were on level 4 of the Dungeon.
You visited 1 branch of the dungeon, and saw 5 of its levels.

You collected 249 gold pieces.
You spent 150 gold pieces at shops.

Inventory:

Hand Weapons
 a - a +0 dagger
 i - a +2 whip of venom
 t - a +2 dagger of venom (weapon)
Missiles
 r - 7 poisoned darts
Armour
 b - a +0 hat (worn)
Jewellery
 v - an amulet of the acrobat (around mantle)
Wands
 p - a wand of digging (6)
 s - a wand of charming (5)
Scrolls
 d - a scroll of revelation {unknown}
 e - 2 scrolls of immolation {unknown}
 f - a scroll of enchant armour {unknown}
 g - 2 scrolls of blinking {unknown}
 j - 2 scrolls of identify {unknown}
 k - a scroll of fear {unknown}
 m - 2 scrolls of fog {unknown}
 n - a scroll of teleportation {unknown}
Potions
 c - a potion of magic
 h - a potion of degeneration {unknown}
 l - a potion of haste {unknown}
 o - a potion of brilliance {unknown}
 q - a potion of cancellation {unknown}
 u - a potion of curing {unknown}


   Skills:
 + Level 3.4 Dodging
 + Level 4.9 Stealth
 + Level 4.0 Spellcasting
 + Level 2.9 Conjurations
 + Level 2.9 Summonings
 + Level 2.9 Translocations
 + Level 1.6 Fire Magic


You had 8 spell levels left.
You knew the following spells:

 Your Spells              Type           Power      Damage    Failure   Level
a - Magic Dart            Conj           56%        1d5       4%          1
b - Foxfire               Conj/Fire      44%        2x1d6     6%          1
c - Call Imp              Summ           28%        N/A       7%          2
d - Blink                 Tloc           28%        N/A       7%          2

Your spell library contained the following spells:

 Spells                   Type           Power      Damage    Failure   Level
 Slow                     Hex            12%        N/A       14%         1
 Cigotuvi's Dreadful Rot  Necr/Pois/Air  6%         N/A       22%         2
 Mephitic Cloud           Conj/Pois/Air  7%         N/A       30%         3
 Plasma Beam              Fire/Air       3%         2x1d13    100%        6
 Starburst                Conj/Fire      5%         6d4       100%        6


Dungeon Overview and Level Annotations

Branches:
Dungeon (5/15)
 Temple: D:4-7

Altars:
Hepliaklqana

Shops:
D:4 [   D:5 *


Innate Abilities, Weirdness & Mutations

You cannot wear most types of armour.
You are amphibious.
You can wear up to eight rings at the same time.
Your skin changes colour to match your surroundings (Stealth+).
Your rubbery body absorbs attacks. (AC +1, EV +1)
((You are camouflaged when in or above water. (Stealth+)))
You have tentacles for arms and can constrict up to eight enemies at once.


Message History

You feel as though you will be weak longer.
The gnoll bouda hits you with a +0 short sword!
You climb upwards.
There is a stone staircase leading down here.
Casting: Foxfire (safe; 6% risk of failure)
Confirm with . or Enter, or press ? or * to list all spells.
A tiny devil pulls itself out of the air.
The gnoll barely misses you.
The gnoll bouda hits you with a +0 short sword.
You conjure some foxfire!
The gnoll misses you.
The gnoll bouda hits you with a +0 short sword.
Your cerulean imp hits the gnoll but does no damage.
You conjure some foxfire!
The foxfire hits the gnoll bouda but does no damage.
The gnoll bouda is severely wounded.
The foxfire hits the gnoll bouda but does no damage.
The gnoll bouda is severely wounded.
The gnoll hits you with a +0 whip.
The gnoll bouda hits you with a +0 short sword.
Your cerulean imp barely misses the gnoll.
You conjure some foxfire!
The foxfire hits the gnoll bouda.
The gnoll bouda is almost dead.
The foxfire hits the gnoll but does no damage.
The gnoll is lightly wounded.
The gnoll hits you with a +0 whip.
The gnoll bouda hits you with a +0 short sword!
* * * LOW HITPOINT WARNING * * *
Your cerulean imp hits the gnoll with a -3 spear.
You are too injured to fight recklessly!
Casting: Foxfire (safe; 6% risk of failure)
Confirm with . or Enter, or press ? or * to list all spells.
You blink.
The foxfire hits the gnoll.
The gnoll is severely wounded.
The foxfire hits the gnoll.
The gnoll is almost dead.
The gnoll hits you with a +0 whip.
* * * LOW HITPOINT WARNING * * *
Your cerulean imp barely misses the gnoll.
The gnoll attacks as you move away! The gnoll hits you with a +0 whip.
You die...

..##.#...........#####
..##.#...............#
..##.#...............#
.)'..#...............#
..'[.#...............#
####.#..........§....#
...+.............§.###
...#.#..........gg.#
................@5.#
...................#
...................#
###................#
.##................#
.###...............#
.#.....##...#......#
...#.#+##...#####'###
.........####.......#


You could see a gnoll bouda, a gnoll (swift, ally target) and a friendly
cerulean imp (summoned).

Vanquished Creatures
  Menkaure (D:4)
  2 black bears
  A scorpion (D:4)
  An iguana (D:5)
  5 gnolls
  3 adders
  4 dart slugs
  4 orcs
  4 ball pythons
  8 endoplasms
  5 giant cockroaches
  A goblin (D:3)
  8 hobgoblins
  A jackal (D:2)
  10 kobolds
  6 quokkas
  6 bats
  4 frilled lizards
  18 rats
92 creatures vanquished.

Vanquished Creatures (collateral kills)
  A gnoll (D:2)
  A worm (D:4)
  A jackal (D:2)
  A quokka (D:3)
  2 rats (D:3)
6 creatures vanquished.

Vanquished Creatures (others)
  187 foxfires
187 creatures vanquished.

Grand Total: 285 creatures vanquished

Notes
Turn   | Place    | Note
-------+----------+-------------------------------------------
     0 | D:1      | javelincjr the Octopode Hedge Wizard began the quest for
                  | the Orb.
     0 | D:1      | Reached XP level 1. HP: 11/11 MP: 4/4
   240 | D:1      | Reached XP level 2. HP: 6/17 MP: 0/6
   893 | D:2      | Learned a level 1 spell: Foxfire
   896 | D:2      | Learned a level 2 spell: Call Imp
  1129 | D:1      | Reached XP level 3. HP: 7/21 MP: 0/7
  1528 | D:2      | Reached XP level 4. HP: 26/27 MP: 1/8
  2196 | D:3      | Noticed a black bear
  2232 | D:3      | Killed a black bear
  2233 | D:3      | Reached XP level 5. HP: 30/31 MP: 3/10
  2236 | D:3      | Learned a level 2 spell: Blink
  2453 | D:3      | Found a hazy altar of Hepliaklqana.
  2775 | D:3      | Found a faded altar of an unknown god.
  3312 | D:4      | Reached XP level 6. HP: 36/36 MP: 2/11
  3659 | D:4      | Noticed Menkaure
  3659 | D:4      | Noticed a black bear
  3670 | D:4      | Killed Menkaure
  3671 | D:4      | Reached skill level 1 in Fire Magic
  3674 | D:4      | Killed a black bear
  3675 | D:4      | Reached XP level 7. HP: 24/41 MP: 1/12
  3767 | D:4      | Found Soqeez's Armour Emporium.
  4304 | D:5      | Entered Level 5 of the Dungeon
  4304 | D:5      | Found Hioluc's Assorted Antiques.
  4362 | D:5      | Bought a runed bronze amulet for 150 gold pieces
  4401 | D:4      | Slain by a gnoll

Illustrated notes

Levels and vault maps discovered:
D:1:      giann_forest_graveyard, layout_basic
D:2:      layout_basic
D:3:      layout_loops_ring, mainiacjoe_overflow_six_doors_small,
          shapermc_ecumenical_altar_mp_urbaneastern, minmay_rat_hole
D:4:      layout_basic, serial_shops, shop, kennysheep_opposing_triangles,
          uniq_menkaure
D:5:      layout_basic, nicolae_uskayaw_en_pointe, serial_shops, shop,
          shop_statue, nicolae_shop_real_fake_doors, shop_statue,
          nicolae_diamond_shop, minivault_5

Skill      XL: |  1  2  3  4  5  6  7 |
---------------+----------------------+-----
Stealth        | 3 4 |  4.9
Conjurations   | 2 |  2.9
Summonings     | 2 |  2.9
Translocations | 2 |  2.9
Dodging        | 3 |  3.4
Fire Magic     | 1 |  1.6
Spellcasting   | 4 |  4.0

Action                     |  1- 3 |  4- 6 |  7- 9 || total
---------------------------+-------+-------+-------++-------
  Melee: Dagger            |     6 |     5 |     9 ||    20
         Tentacles         |     3 |    14 |     1 ||    18
         Whip              |     9 |    58 |       ||    67
         Constrict         |     6 |    20 |     3 ||    29
         Punch             |     1 |     3 |       ||     4
   Cast: Magic Dart        |    46 |       |       ||    46
         Foxfire           |    13 |    60 |    34 ||   107
         Call Imp          |     3 |     6 |     4 ||    13
         Blink             |       |       |     1 ||     1
   Stab: Sleeping          |     1 |     8 |       ||     9
 Armour: Skin              |     5 |     1 |       ||     6
  Dodge: Dodged            |    10 |    27 |    14 ||    51

Table legend: (Time is in decaauts)
 A = Elapsed time spent in this place.
 B = Non-inter-level travel time spent in this place.
 C = Inter-level travel time spent in this place.
 D = Time resting spent in this place.
 E = Time spent auto-exploring this place.
 F = Levels seen in this place.
 G = Mean time per level.
                   A        B        C        D        E       F      G
               +--------+--------+--------+--------+--------+-----+--------+
         Total |   4407 |   4284 |    123 |    177 |   3435 |   5 |  881.4 |
       Dungeon |   4407 |   4284 |    123 |    177 |   3435 |   5 |  881.4 |
               +--------+--------+--------+--------+--------+-----+--------+

Top non-repeatable levels by time:
     D:2: 1238 daAuts
     D:3: 1107 daAuts
     D:4: 1056 daAuts
     D:1: 914 daAuts
     D:5: 90 daAuts
